 Dungeon Crawl Stone Soup version 0.20-a0-633-gff4aa5c (webtiles) character file.

18888 useraccount the Formicid Catastrophe (level 13, -10/100 HPs)
             Began as a Formicid Fighter on Feb 11, 2017.
             Was an Elder of Qazlal.
             Mangled by a catoblepas (25 damage)
             ... on level 14 of the Dungeon.
             The game lasted 00:14:52 (13335 turns).

useraccount the Formicid Catastrophe (FoFi)        Turns: 13335, Time: 00:14:52

Health: -10/100    AC: 23    Str: 25    XL:     13   Next: 0%
Magic:  21/21      EV: 10    Int:  9    God:    Qazlal [****..]
Gold:   587        SH: 17    Dex: 10    Spells: 12/12 levels left

rFire    . . .     SeeInvis +   a - +1 battleaxe
rCold    + . .     Gourm    .   L - +2 plate armour {rC+}
rNeg     + . .     Faith    .   c - +0 shield
rPois    .         Spirit   .   (helmet unavailable)
rElec    .         Reflect  .   B - +1 cloak
rCorr    +         Harm     .   u - +2 pair of gloves {archery}
MR       +....                  l - +0 pair of boots
Stlth    ..........             (no amulet)
Regen    0.3/turn               F - ring of positive energy
                                j - ring of resist corrosion

@: repel missiles
A: permanent stasis, dig shafts and tunnels, four strong arms, antennae 3
a: Dig, Shaft Self, Upheaval, Elemental Force, Renounce Religion


You were on level 14 of the Dungeon.
You worshipped Qazlal.
Qazlal was greatly pleased with you.
You were not hungry.

You visited 2 branches of the dungeon, and saw 13 of its levels.
You also visited: Ossuary.

You collected 587 gold pieces.

Inventory:

Hand Weapons
 a - a +1 battleaxe (weapon)
 b - a +4 flail
Armour
 c - a +0 shield (worn)
 l - a +0 pair of boots (worn)
 u - a +2 pair of gloves of archery (worn)
 y - a scarf of spirit shield
 B - a +1 cloak (worn)
 L - a +2 plate armour of cold resistance (worn)
Jewellery
 j - a ring of resist corrosion (left hand)
 F - a ring of positive energy (right hand)
Wands
 H - a wand of confusion (42/48)
Scrolls
 h - a scroll of holy word {unknown}
 i - 4 scrolls of remove curse
 m - a scroll of noise
 n - 2 scrolls of teleportation
 o - 3 scrolls of enchant armour
 p - a scroll of fear
 q - a scroll of vulnerability
 r - 5 scrolls of immolation
 s - 3 scrolls of recharging
 C - a scroll of enchant weapon
 J - a scroll of fog
 K - 4 scrolls of identify
Potions
 d - 2 potions of might
 e - 2 potions of cancellation
 g - a potion of ambrosia
 w - a potion of invisibility
 x - 7 potions of curing {unknown}
 z - a potion of flight {unknown}
 A - 3 potions of heal wounds
 D - 2 potions of agility
 I - 4 potions of lignification
 M - 4 potions of resistance
Books
 N - a book of Frost

   Spells                             Type                      Level
   a - Freeze                         Ice                          1
   b - Throw Frost                    Conjuration/Ice              2
   c - Ozocubu's Armour               Charms/Ice                   3
   d - Throw Icicle                   Conjuration/Ice              4
   e - Summon Ice Beast               Ice/Summoning                4
Comestibles
 f - 9 bread rations
 k - 6 meat rations
 t - 9 royal jellies
 v - 6 chunks of flesh
 E - 17 fruits


   Skills:
 + Level 8.9 Fighting
 * Level 10.7 Axes
 + Level 9.3 Armour
 + Level 6.7 Dodging
 + Level 9.6 Shields
 * Level 10.9 Invocations


You had 12 spell levels left.
You didn't know any spells.

Dungeon Overview and Level Annotations

Branches:
Dungeon (11/15)            Temple (1/1) D:5            Lair (0/6) D:11
    Orc (0/2) D:9          Vaults (0/5) D:14

Altars:
Ashenzari
Cheibriados
Dithmenos
Elyvilon
Fedhas
Gozag
Hepliaklqana
Kikubaaqudgha
Makhleb
Nemelex Xobeh
Okawaru
Qazlal
Ru
Sif Muna
Trog
Uskayaw
Vehumet
Xom
Yredelemnul
Zin
The Shining One
Beogh


Innate Abilities, Weirdness & Mutations

You cannot be hasted, slowed, berserked, paralysed or teleported.
You can dig through walls and to a lower floor.
Your four strong arms can wield two-handed weapons with a shield.
You have a pair of large antennae on your head. (SInv)


Message History

You are too injured to fight recklessly!
You are too injured to fight recklessly!
You are too injured to fight recklessly!
You slice the catoblepas!!
The catoblepas is severely wounded.
The catoblepas gores you!
You hit the catoblepas.
The catoblepas is severely wounded.
You block the catoblepas's attack.
You slash the catoblepas!
The catoblepas is almost dead.
You block the catoblepas's attack.
You barely miss the catoblepas.
The catoblepas is almost dead.
The catoblepas gores you!!
* * * LOW HITPOINT WARNING * * *
Your plate armour prevents you from hitting the catoblepas.
The catoblepas is almost dead.
The catoblepas gores you!!
You die...

#.....# ..
#.....# ... .
#.[...###....
..
#.....†......
...
#.).)........
....
#.)...####...
.....####.))..#
.
......Y§§§...(#
.......@§§....#
.....§...§.#..#
...........#..#
...........#..#
.....>.....#..#
...........#..#
...........#..#
...........#
.........#


You could see a catoblepas.

Vanquished Creatures
  An ogre mage (D:14)
  Josephine (D:11)
  Erolcha (D:9)
  A hydra (D:9)
  2 centaur warriors (D:14)
  2 two-headed ogres (D:14)
  Nergalle (D:10)
  An unseen horror (D:14)
  The ghost of lordgegnome the Cleaver, a novice MiBe of Trog (D:6)
  An orc knight (D:14)
  A cyclops (D:14)
  3 ugly things (D:14)
  2 gargoyles
  A centaur skeleton (D:14)
  A freezing wraith (D:14)
  The ghost of Nausicaa the Ruffian, a novice VSMo of Cheibriados (D:7)
  Prince Ribbit (D:9)
  2 dream sheep (D:9)
  A hippogriff (D:10)
  2 yaks (D:9)
  A vampire (D:14)
  4 wraiths
  A wyvern (D:10)
  A steam dragon (D:14)
  A hungry ghost (D:14)
  10 orc warriors
  An ice beast (D:10)
  2 black bears
  A necrophage (D:10)
  2 sky beasts
  3 ogres
  A phantom (D:3)
  7 centaurs
  4 big kobolds
  The ghost of TySteely the Magician, an amateur DEFE (D:3)
  2 bullfrogs
  2 scorpions
  18 killer bees
  12 wights
  9 howler monkeys
  5 crimson imps
  3 centaur zombies (Ossuary)
  2 bullfrog zombies
  A human zombie (Ossuary)
  A jelly (D:11)
  6 hounds
  Crazy Yiuf (D:2)
  9 orc priests
  11 orc wizards
  A bullfrog skeleton (D:4)
  6 worker ants
  3 iguanas
  2 big kobold zombies (Ossuary)
  A hound zombie (D:9)
  A hound skeleton (D:6)
  3 mummies
  A worker ant zombie (D:7)
  A howler monkey skeleton (D:9)
  13 adders
  7 shadow imps
  An adder skeleton (D:4)
  2 adder zombies
  A worm (D:2)
  3 dart slugs
  7 leopard geckos
  46 orcs
  11 bats
  3 giant cockroaches (D:2)
  7 goblins
  7 hobgoblins
  5 jackals
  13 kobolds
  3 quokkas
  2 frilled lizards
  3 goblin zombies (Ossuary)
  7 hobgoblin zombies
  2 jackal zombies (Ossuary)
  9 kobold zombies
  11 orc zombies (Ossuary)
  A quokka skeleton (D:6)
  6 rats
338 creatures vanquished.

Notes
Turn   | Place    | Note
-------+----------+-------------------------------------------
     0 | D:1      | useraccount the Formicid Fighter began the quest for the Orb.
     0 | D:1      | Reached XP level 1. HP: 18/18 MP: 1/1
    88 | D:1      | Reached XP level 2. HP: 24/24 MP: 2/2
   344 | D:1      | Reached XP level 3. HP: 18/29 MP: 3/3
   791 | D:2      | Found a runed door.
  1141 | D:2      | Found a white marble altar of Elyvilon.
  1181 | D:2      | Reached XP level 4. HP: 35/35 MP: 4/4
  1572 | D:3      | Found a bloodstained altar of Trog.
  1795 | D:3      | Noticed TySteely's ghost (amateur DEFE)
  1798 | D:3      | Killed TySteely's ghost
  1798 | D:3      | Reached skill level 1 in Dodging
  1798 | D:3      | Reached XP level 5. HP: 42/42 MP: 5/5
  2118 | D:3      | Reached XP level 6. HP: 16/48 MP: 6/6
  2440 | D:3      | Noticed a phantom
  2453 | D:3      | Killed a phantom
  2453 | D:3      | Reached skill level 5 in Shields
  2969 | D:2      | Noticed Crazy Yiuf
  2985 | D:2      | Killed Crazy Yiuf
  3323 | D:4      | Reached XP level 7. HP: 54/54 MP: 7/7
  3427 | D:4      | Found a sand-covered staircase.
  3436 | Ossuary  | Entered an ossuary
  3741 | Ossuary  | Reached skill level 5 in Armour
  3863 | Ossuary  | Reached XP level 8. HP: 50/61 MP: 8/8
  3938 | D:4      | Reached skill level 5 in Axes
  4313 | D:5      | Entered Level 5 of the Dungeon
  4434 | D:5      | Reached skill level 5 in Fighting
  4468 | D:5      | Found a staircase to the Ecumenical Temple.
  4487 | Temple   | Entered the Ecumenical Temple
  4693 | Temple   | Became a worshipper of Qazlal Stormbringer
  5403 | D:5      | Reached skill level 1 in Invocations
  5509 | D:6      | Found a snail-covered altar of Cheibriados.
  5639 | D:6      | Reached XP level 9. HP: 21/68 MP: 11/11
  5994 | D:6      | Noticed lordgegnome's ghost (novice MiBe)
  6019 | D:6      | Killed lordgegnome's ghost
  6392 | D:6      | Reached * piety under Qazlal
  6947 | D:7      | Noticed Nausicaa's ghost (novice VSMo)
  6957 | D:7      | Killed Nausicaa's ghost
  6974 | D:7      | Found a shimmering altar of Xom.
  7121 | D:7      | Reached skill level 5 in Invocations
  7213 | D:7      | Reached XP level 10. HP: 73/76 MP: 12/14
  7746 | D:7      | Found a roughly hewn altar of Beogh.
  8398 | D:8      | Found a basalt altar of Yredelemnul.
  8835 | D:8      | Reached ** piety under Qazlal
  9143 | D:9      | Found a roughly hewn altar of Beogh.
  9658 | D:9      | Noticed Erolcha
  9866 | D:9      | Killed Erolcha
  9866 | D:9      | Reached skill level 5 in Dodging
  9880 | D:8      | Reached XP level 11. HP: 49/84 MP: 7/16
 10213 | D:9      | Found a staircase to the Orcish Mines.
 10269 | D:9      | Noticed Prince Ribbit
 10272 | D:9      | Killed Prince Ribbit
 10340 | D:9      | Noticed a three-headed hydra
 10356 | D:9      | Killed a three-headed hydra
 11118 | D:10     | Entered Level 10 of the Dungeon
 11134 | D:10     | Reached *** piety under Qazlal
 11365 | D:10     | Noticed Nergalle
 11377 | D:10     | Killed Nergalle
 12383 | D:11     | Noticed Josephine
 12402 | D:11     | Killed Josephine
 12429 | D:11     | Reached XP level 12. HP: 58/92 MP: 17/19
 12520 | D:11     | Found a staircase to the Lair.
 12573 | D:11     | You fall through a shaft for 3 floors!
 12585 | D:14     | Noticed an ogre mage
 12606 | D:14     | Killed an ogre mage
 12606 | D:14     | Reached skill level 10 in Axes
 12672 | D:14     | Noticed a two-headed ogre
 12674 | D:14     | Noticed a centaur warrior
 12678 | D:14     | Noticed a two-headed ogre
 12686 | D:14     | Killed a two-headed ogre
 12686 | D:14     | Reached **** piety under Qazlal
 12686 | D:14     | Reached skill level 10 in Invocations
 12688 | D:14     | Killed a two-headed ogre
 12692 | D:14     | Killed a centaur warrior
 12704 | D:14     | Found a gate to the Vaults.
 12784 | D:14     | Noticed a centaur warrior
 12791 | D:14     | Killed a centaur warrior
 13026 | D:14     | Noticed an unseen horror
 13047 | D:14     | Killed an unseen horror
 13247 | D:14     | Reached XP level 13. HP: 55/100 MP: 21/21
 13323 | D:14     | Noticed a catoblepas
 13335 | D:14     | Mangled by a catoblepas

Vault maps used:
D:1:      minmay_arrival_cross
D:2:      elyvilon_altar_1, uniq_crazy_yiuf_cottage
D:3:      lemuel_doored_altar, grunt_ministairs_10
D:4:      nicolae_ossuary_entry_giza
D:5:      minmay_temple_entry_junction, first_bread
D:6:      cheibriados_altar_1, serial_co_window_serial, co_window_paths_a,
          co_window_cross_1, co_window_of_opportunity_a,
          co_window_of_opportunity_a, co_window_paths_b, co_window_paths_c,
          co_window_paths_c, co_window_unsneaky_path_c, co_window_corner_cb,
          co_window_of_opportunity_c, glass_columns_a, glass_columns_a
D:7:      xom_teletrap_fun, david_defended_altar_orc
D:8:      lemuel_round_altar
D:9:      david_orc_5, nicolae_sextant, hangedman_ranch, due_unseen_surprise,
          uniq_erolcha, uniq_prince_ribbit1
D:10:     uniq_nergalle
D:11:     lair_entry_dummy, lab_entry_generic, uniq_josephine, uniq_fannar,
          uniq_maurice
D:14:     david_vaults_2, grunt_ministairs_3
Temple:   eino_temple_scatter_basement
Ossuary:  ossuary_tomb_1

Skill      XL: |  1  2  3  4  5  6  7  8  9 10 11 12 |
---------------+-------------------------------------+-----
Shields        | 4 5 6 7 8 9 |  9.6
Axes           | 3 4 5 7 8 9 10 | 10.7
Dodging        | 1 2 3 4 5 6 |  6.7
Armour         | 4 5 6 7 8 9 |  9.3
Fighting       | 4 5 6 7 8 |  8.9
Invocations    | 2 5 7 9 10 | 10.9

Action                   |  1- 3 |  4- 6 |  7- 9 | 10-12 | 13-15 || total
-------------------------+-------+-------+-------+-------+-------++-------
Melee: War axe           |   160 |   124 |   412 |   382 |       ||  1078
       Battleaxe         |       |       |       |   301 |     9 ||   310
       Flail             |       |       |       |    15 |       ||    15
Invok: Upheaval          |       |       |       |     4 |       ||     4
 Abil: Dig               |       |       |       |     5 |       ||     5
  Use: Scroll            |       |     1 |     9 |    14 |       ||    24
  Eat: Chunk             |     1 |     7 |    13 |    21 |       ||    42
       Fruit             |       |       |     1 |       |       ||     1
Armor: Scale mail        |    95 |    44 |     8 |       |       ||   147
       Plate armour      |       |       |   241 |   206 |     2 ||   449
       Chain mail        |       |       |     1 |    98 |       ||    99
Dodge: Dodged            |    59 |    47 |   117 |   224 |     1 ||   448
       Deflected         |       |       |       |     1 |       ||     1
Block: Shield            |   119 |    82 |   238 |   598 |     4 ||  1041
